 Dungeon Crawl Stone Soup version 0.25-a0-36-g303dd5b1f4 (webtiles) character file.

Game seed: 2986832059379796743, levelgen mode: deterministic

3487 Chiseanne the Ducker (level 9, -8/68 HPs)
             Began as a Demonspawn Wanderer on Oct 20, 2019.
             Was an Initiate of Gozag.
             Mangled by a two-headed ogre
             ... wielding a +0 giant club
              (22 damage)
             ... on level 8 of the Dungeon.
             The game lasted 00:20:35 (8958 turns).

Chiseanne the Ducker (Demonspawn Wanderer)          Turns: 8958, Time: 00:20:36

Health: -8/68      AC: 12    Str: 12    XL:     9   Next: 80%
Magic:  13/13      EV: 11    Int: 17    God:    Gozag
Gold:   321        SH:  9    Dex: 13    Spells: 10/14 levels left

rFire    + . .     SeeInvis .   a - +5 scimitar
rCold    . . .     Gourm    .   k - +0 shield
rNeg     . . .     Faith    .   u - +0 ring mail
rPois    .         Spirit   .   (no helmet)
rElec    .         Reflect  .   m - +0 cloak
rCorr    .         Harm     .   c - +0 pair of gloves
MR       .....                  (no boots)
Stlth    +.........             (no amulet)
HPRegen  0.21/turn              (no ring)
MPRegen  0.13/turn              (no ring)

@: no status effects
A: hooves 1, molten scales 3, powered by death 2
a: Potion Petition, Call Merchant, Bribe Branch, Renounce Religion


You were on level 8 of the Dungeon.
You worshipped Gozag.
Gozag was aware of your devotion.
You were hungry.

You visited 2 branches of the dungeon, and saw 9 of its levels.

You collected 497 gold pieces.
You paid 176 gold pieces to Gozag.

Inventory:

Hand Weapons
 a - a +5 scimitar (weapon)
 e - a +0 club
 w - a +0 hand crossbow
 H - a +2 antimagic dagger
Missiles
 b - 325 stones
 g - 16 sling bullets
 j - 192 arrows
 o - 62 bolts
 p - 2 javelins (quivered)
 D - 6 poisoned darts
Armour
 c - a +0 pair of gloves (worn)
 k - a +0 shield (worn)
 m - a +0 cloak (worn)
 u - a +0 ring mail (worn)
 x - a +2 scale mail of cold resistance
Magical Staves
 d - an uncursed staff of wizardry {unknown}
Jewellery
 n - an uncursed ring of flight
Wands
 l - a wand of digging (5)
 s - a wand of random effects (13)
 v - a wand of iceblast (2)
 C - a wand of polymorph (7)
Scrolls
 i - 3 scrolls of teleportation
 G - a scroll of amnesia
Potions
 h - 2 potions of brilliance
 q - 3 potions of might
 r - a potion of ambrosia
 t - 3 potions of lignification
 z - a potion of agility {unknown}
 B - a potion of flight
 E - a potion of resistance {unknown}
 F - 2 potions of cancellation {unknown}
Comestibles
 f - 21 rations


   Skills:
 - Level 5.2 Fighting
 * Level 5.3 Long Blades
 - Level 1.0 Staves
 * Level 5.5 Armour
 * Level 6.2 Dodging
 - Level 1.0 Stealth
 * Level 5.2 Shields
 - Level 3.2 Spellcasting
   Level 1.0 Summonings
 - Level 3.3 Earth Magic
 - Level 1.0 Evocations


You had 10 spell levels left.
You knew the following spells:

 Your Spells              Type           Power        Failure   Level  Hunger
a - Sandblast             Erth           ##....       32%         1    None
b - Stone Arrow           Conj/Erth      #.....       88%         3    ###....

Your spell library contained the following spells:

 Spells                   Type           Power        Failure   Level  Hunger
 Summon Small Mammal      Summ           #...         63%         1    None
 Animate Skeleton         Necr           N/A          77%         1    None
 Apportation              Tloc           #.....       77%         1    None
 Confusing Touch          Hex            #.....       77%         1    None
 Corona                   Hex            #......      77%         1    None
 Magic Dart               Conj           #...         77%         1    None
 Ensorcelled Hibernation  Hex/Ice        #.....       88%         2    ##.....
 Poisonous Vapours        Pois/Air       #.....       88%         2    ##.....
 Searing Ray              Conj           #.....       88%         2    ##.....
 Confuse                  Hex            #.......     98%         3    ###....
 Conjure Flame            Conj/Fire      #.......     98%         3    ###....
 Dazzling Spray           Conj/Hex       #.....       98%         3    ###....
 Mephitic Cloud           Conj/Pois/Air  #.......     98%         3    ###....
 Tukima's Dance           Hex            #.......     98%         3    ###....
 Force Lance              Conj/Tloc      #.......     100%        4    ####...
 Fulminant Prism          Conj/Hex       #.........   100%        4    ####...
 Iskenderun's Mystic Bla  Conj           #.......     100%        4    ####...
 Freezing Cloud           Conj/Ice/Air   #.........   100%        6    #######
 Ring of Flames           Chrm/Fire      #.........   100%        7    #######


Dungeon Overview and Level Annotations

Branches:
Dungeon (8/15)             Temple (1/1) D:5
   Lair: D:8-11

Altars:
Ashenzari
Dithmenos
Elyvilon
Fedhas
Gozag
Hepliaklqana
Kikubaaqudgha
Makhleb
Nemelex Xobeh
Okawaru
Qazlal
Ru
Trog
Uskayaw
Vehumet
Xom
Yredelemnul
Zin
The Shining One
Beogh

Annotations:
D:7 3 runed translucent doors, Gebura's ghost, novice FeTm


Innate Abilities, Weirdness & Mutations

You have large cloven feet.
You are completely covered in molten scales. (AC +4, rF+)
You regenerate health from kills.


Message History

Evoke which item? (* to show all) (? for menu, Esc to quit)
Aiming: Random Effects
Press: ? - help, Shift-Dir - straight line, f/p - two-headed ogre
Aim: a two-headed ogre, wielding two +0 giant clubs The puff of flame hits the two-headed ogre!
The two-headed ogre is lightly wounded.
You hit the two-headed ogre.
The two-headed ogre is lightly wounded.
The two-headed ogre hits you with a +0 giant club! x2
You hit the two-headed ogre.
The two-headed ogre is moderately wounded.
The two-headed ogre hits you with a +0 giant club!
The two-headed ogre completely misses you.
You closely miss the two-headed ogre.
The two-headed ogre is moderately wounded.
The two-headed ogre hits you with a +0 giant club!
* * * LOW HITPOINT WARNING * * *
The two-headed ogre hits you with a +0 giant club!!
You die...
Your body crumbles into a pile of gold.

#.#[#####'#####.##.#.###.#####..
# ##.#####.##.#.. #.# #.
+..#...#.## #. #.######.
#..'...#.# #5....... +..#...#.#
......... ####...'.# #########
#...#.# # +...#.# #...#@# ......
#####.O...... ..#..... #####(###
#.#..... ..♣. #.#..... $ ♣..$
#.#..... $ ..♣..♣#.#.....
.....5#.#.#... ♣5Z.'.#.....
#5#.....


You could see a two-headed ogre.

Vanquished Creatures
  A hornet (D:8)
  3 hogs
  A yak (D:7)
  A human (D:7)
  An ice beast (D:5)
  2 phantoms
  A black bear (D:7)
  2 sky beasts (D:6)
  2 ogres
  3 centaurs
  A big kobold (D:7)
  A bullfrog (D:8)
  2 scorpions
  4 killer bees (D:6)
  5 wights
  4 crimson imps
  4 hounds
  A bullfrog zombie (D:5)
  A centaur skeleton (D:5)
  3 orc wizards
  A jelly (D:7)
  2 orc priests (D:6)
  3 iguanas
  Ijyb (D:4)
  3 worker ants
  A hound skeleton (D:5)
  10 gnolls
  13 adders
  3 shadow imps
  An adder zombie (D:8)
  3 worms (D:2)
  A dart slug (D:3)
  4 leopard geckos
  20 orcs
  3 ball pythons
  6 giant cockroaches
  6 goblins
  7 hobgoblins
  13 jackals
  3 kobolds
  3 quokkas
  A ball python skeleton (D:4)
  3 bats
  6 frilled lizards
  A leopard gecko skeleton (D:7)
  2 quokka skeletons
  2 quokka zombies (D:5)
  7 rats
172 creatures vanquished.

Notes
Turn   | Place    | Note
-------+----------+-------------------------------------------
     0 | D:1      | Chiseanne the Demonspawn Wanderer began the quest for the
                  | Orb.
     0 | D:1      | Chiseanne set off with the following items: a +2
                  | quarterstaff, a potion of curing, a +0 robe, a ration; and
                  | the following spell memorised: Sandblast; and the following
                  | spells available to memorise: Stone Arrow
     0 | D:1      | Reached XP level 1. HP: 19/19 MP: 2/2
   160 | D:1      | Gained mutation: You are partially covered in molten
                  | scales. (AC +2) [demonic ancestry]
   160 | D:1      | Reached XP level 2. HP: 18/25 MP: 3/3
  1002 | D:2      | Reached skill level 1 in Dodging
  1065 | D:2      | Gained mutation: You are mostly covered in molten scales.
                  | (AC +3) [demonic ancestry]
  1065 | D:2      | Reached XP level 3. HP: 23/30 MP: 5/5
  1404 | D:2      | Noticed a water moccasin
  1723 | D:3      | You fall into a shaft and drop 2 floors!
  1723 | D:5      | Entered Level 5 of the Dungeon
  1739 | D:5      | Gained mutation: You regenerate a little health from kills.
                  | [demonic ancestry]
  1739 | D:5      | Reached XP level 4. HP: 17/38 MP: 5/7
  2006 | D:5      | Reached skill level 2 in Dodging
  2006 | D:5      | Gained mutation: You regenerate health from kills. [demonic
                  | ancestry]
  2006 | D:5      | Reached XP level 5. HP: 30/43 MP: 8/8
  2046 | D:5      | Learned a level 3 spell: Stone Arrow
  2104 | D:5      | Found a hide-covered altar of Uskayaw.
  2188 | D:4      | Noticed an ogre
  2411 | D:3      | Found a glowing golden altar of the Shining One.
  2574 | D:3      | Reached skill level 5 in Fighting
  2574 | D:3      | Gained mutation: You have large cloven feet. [demonic
                  | ancestry]
  2574 | D:3      | Reached XP level 6. HP: 44/51 MP: 10/10
  2776 | D:3      | Found a shattered altar of Ashenzari.
  3612 | D:4      | Reached skill level 1 in Armour
  3686 | D:4      | Reached skill level 3 in Dodging
  3721 | D:4      | Reached XP level 7. HP: 26/56 MP: 11/11
  3947 | D:4      | Noticed Ijyb
  3952 | D:4      | Killed Ijyb
  3952 | D:4      | Reached skill level 1 in Long Blades
  4481 | D:5      | Found a staircase to the Ecumenical Temple.
  4601 | D:5      | Found a hazy altar of Hepliaklqana.
  4644 | D:5      | Reached skill level 1 in Shields
  5427 | D:6      | Gained mutation: You are completely covered in molten
                  | scales. (AC +4, rF+) [demonic ancestry]
  5427 | D:6      | Reached XP level 8. HP: 58/62 MP: 12/12
  5459 | D:6      | Found a hazy altar of Hepliaklqana.
  5472 | D:6      | Reached skill level 4 in Dodging
  5963 | D:6      | Found a shimmering altar of Xom.
  6279 | D:6      | Found a blossoming altar of Fedhas.
  6467 | D:6      | Reached skill level 5 in Dodging
  6638 | D:6      | Reached XP level 9. HP: 16/68 MP: 13/13
  7002 | D:7      | Identified the cursed +3 long sword of Trog's Delight
                  | {protect, rF+}
  7003 | D:7      | Found a runed translucent gate.
  7003 | D:7      | Noticed Gebura's ghost (novice FeTm)
  7009 | D:7      | Found a runed translucent gate.
  7010 | D:7      | Found a runed translucent gate.
  7011 | D:7      | Found a roughly hewn altar of Beogh.
  7012 | D:7      | Found the +1 cloak of Starlight {rElec rC+ EV+4 Stlth--}
  7664 | D:7      | Reached skill level 5 in Armour
  7890 | D:7      | Reached skill level 5 in Long Blades
  8134 | Temple   | Entered the Ecumenical Temple
  8288 | Temple   | Became a worshipper of Gozag Ym Sagoz the Greedy
  8531 | D:8      | Paralysed by a hornet for 3 turns
  8535 | D:8      | Reached skill level 6 in Dodging
  8535 | D:8      | Reached skill level 5 in Shields
  8953 | D:8      | Noticed a two-headed ogre
  8958 | D:8      | Mangled by a two-headed ogre

Levels and vault maps discovered:
D:1:      mrwooster_arrival_statue_3, layout_loops_cross
D:2:      layout_loops_ring, led_sif_pool, nrook_mini_vaults
D:3:      layout_basic, ashenzari_conservatory_becter, tso_metal_star,
          minmay_puff
D:4:      layout_cave_pools, uniq_ijyb
D:5:      layout_loops_corners, marbit_many_paths, overflow_temple_1_default,
          nicolae_overflow_hidden_temple, minmay_temple_entry_enclosed_plants,
          first_ration, kennysheep_potato
D:6:      layout_rooms, fedhas_altar_2, basic_altar, lemuel_tele_altar
D:7:      layout_rooms, biasface_ghost_orc_armoury, grunt_livestock,
          minmay_manual_moon
D:8:      minmay_the_grid_plus [minmay_the_grid_expand,
          minmay_the_grid_broken_lines, minmay_the_grid_garden,
          minmay_the_grid_tree, minmay_the_grid_prize_four_corners_diamond_a],
          layout_basic, uniq_erica, uniq_psyche
Temple:   eino_temple_water

Skill      XL: |  1  2  3  4  5  6  7  8  9 |
---------------+----------------------------+-----
Dodging        | 1 2 3 5 6 |  6.2
Spellcasting   | 2 3 |  3.2
Earth Magic    | 2 3 |  3.3
Fighting       | 5 |  5.2
Armour         | 1 2 4 5 |  5.5
Long Blades    | 2 4 5 |  5.3
Shields        | 2 3 5 |  5.2
Staves         | |  1.0
Stealth        | |  1.0
Summonings     | |  1.0
Evocations     | |  1.0

Action                   |  1- 3 |  4- 6 |  7- 9 || total
-------------------------+-------+-------+-------++-------
Melee: Quarterstaff      |   102 |   174 |       ||   276
       Scimitar          |       |    17 |   340 ||   357
       Kick              |       |    16 |    83 ||    99
Throw: Javelin           |     7 |    16 |     7 ||    30
       Stone             |       |     2 |       ||     2
 Cast: Sandblast         |     1 |       |       ||     1
Evoke: Wand              |       |       |     3 ||     3
  Use: Scroll            |     2 |     7 |    11 ||    20
       Potion            |       |     1 |     2 ||     3
 Stab: Sleeping          |     1 |       |       ||     1
  Eat: Chunk             |     3 |     6 |    15 ||    24
       Ration            |       |       |     3 ||     3
Armor: Robe              |    30 |    13 |       ||    43
       Leather armour    |       |    30 |       ||    30
       Ring mail         |       |    55 |   200 ||   255
Dodge: Dodged            |    70 |   176 |   161 ||   407
Block: Shield            |       |       |   176 ||   176
       Rpst.: Scimitar   |       |     5 |    57 ||    62

Table legend:
 A = Non-vault XP
 B = Vault XP
 C = Vault XP percentage of total XP
 D = Non-vault monster count
 E = Vault monster count
 F = Vault count percentage of total count
                 A         B        C        D         E       F
            +---------+---------+-------+---------+---------+-------
      Total |    3758 |    1224 |  24.6 |     158 |      14 |   8.1
            +---------+---------+-------+---------+---------+-------
        D:1 |      26 |       0 |   0.0 |      17 |       0 |   0.0
        D:2 |     101 |       0 |   0.0 |      18 |       0 |   0.0
        D:3 |     232 |       4 |   1.7 |      35 |       2 |   5.4
        D:4 |     268 |      36 |  11.8 |      17 |       1 |   5.6
        D:5 |     697 |      62 |   8.2 |      19 |       3 |  13.6
        D:6 |    1412 |       0 |   0.0 |      34 |       0 |   0.0
        D:7 |     443 |     922 |  67.5 |      11 |       6 |  35.3
        D:8 |     579 |     200 |  25.7 |       7 |       2 |  22.2
            +---------+---------+-------+---------+---------+-------
